Map: Ascension to Aiur LE

Players

Optimus - Winner!

  • Race: Terran Terran
  • Spawn Location: 5:00

Slowstupid

  • Race: Protoss Protoss
  • Spawn Location: 11:00

Event: WCS Valencia 2017

VOD

Have the link to the VOD?

Description

Time

  • Played on: July 13, 2017, 6:41 a.m.
  • Length: 8:16

All games in this series

Show
View Real Time Build Order
Export as new Build Order

Optimus Terran - Winner!

Build Orders: Cyclone Opening 

Get SALT Encoding   

  12  0:00  SCV  
  13  0:12  SCV  
  14  0:18  Supply Depot  
  14  0:25  SCV  
  15  0:40  Barracks  
  15  0:43  Refinery  
  15  0:48  SCV  
  16  1:00  SCV  
  16  1:01  Refinery  
  17  1:12  SCV  
  19  1:27  Reaper  
  19  1:30  Orbital Command  
  19  1:37  Supply Depot  
  19  1:44  Factory  
  19  1:55  SCV  
  21  2:08  SCV  
  21  2:20  SCV  
  22  2:32  SCV  
  22  2:34  Cyclone  
  22  2:36  Starport  
  26  2:38  Reaper  
  26  2:42  Supply Depot  
  27  2:45  SCV  
  28  2:57  SCV  
  29  3:03  Supply Depot  
  29  3:06  Cyclone  
  29  3:09  SCV  
  29  3:12  Viking  
  35  3:21  SCV  
  35  3:26  Liberator  
  36  3:37  Command Center  
  36  3:40  SCV  
  40  3:50  Cyclone  
  40  3:55  SCV  
  44  4:09  SCV  
  45  4:21  SCV  
  45  4:24  Barracks x2  
  45  4:32  Supply Depot  
  45  4:33  SCV  
  45  4:45  SCV  
  45  4:48  Starport Tech Lab  
  45  4:52  Factory Tech Lab  
  46  4:57  SCV  
  46  4:58  SCV  
  48  5:02  Barracks  
  48  5:10  SCV, Engineering Bay, Orbital Command  
  48  5:12  Starport Reactor  
  49  5:19  Factory Reactor  
  49  5:22  SCV  
  49  5:23  Stimpack, Marauder  
  49  5:24  Marauder  
  51  5:34  SCV  
  51  5:35  Concussive Shells  
  52  5:38  SCV  
  52  5:40  Terran Infantry Weapons Level 1  
  52  5:42  Supply Depot  
  53  5:45  Marauder x2  
  53  5:46  SCV  
  58  5:50  SCV  
  58  5:56  Refinery  
  59  5:57  Medivac x2  
  59  6:01  Marine x2  
  65  6:06  Factory Tech Lab  
  65  6:07  Barracks x2  
  65  6:09  Marine x2  
  68  6:11  SCV  
  68  6:13  SCV  
  69  6:18  Supply Depot  
  69  6:20  Marine x2  
  69  6:25  SCV x2  
  73  6:27  Marine x2  
  73  6:31  Supply Depot  
  78  6:32  Siege Tank  
  78  6:40  Marine x2, SCV x2  
  82  6:50  Marauder  
  82  6:52  SCV  
  88  6:54  Marauder  
  88  6:55  Barracks Reactor, Barracks Tech Lab  
  88  7:02  Supply Depot  
  88  7:03  Supply Depot  
  88  7:04  Marine x2  
  88  7:05  Siege Tank  
  92  7:11  Marauder  
  94  7:19  Supply Depot  
  94  7:20  Marauder x2  
  98  7:24  Marine x2  
  100  7:32  Marauder  
  100  7:33  Marine x2  
  104  7:41  Marauder x2  
  104  7:42  Marine  
  105  7:50  Marine  
  102  7:51  Marine  
  102  7:54  Marauder  
  105  8:04  Command Center  
  111  8:11  Supply Depot  
Show
View Real Time Build Order
Export as new Build Order

Slowstupid Protoss 

Build Orders:  

Get SALT Encoding   

  12  0:01  Probe (Chrono Boost)  
  13  0:12  Probe (Chrono Boost)  
  14  0:18  Pylon  
  14  0:22  Probe (Chrono Boost)  
  15  0:37  Probe (Chrono Boost), Gateway  
  16  0:44  Assimilator  
  16  0:48  Probe (Chrono Boost)  
  17  0:58  Probe (Chrono Boost)  
  18  1:09  Probe (Chrono Boost)  
  19  1:19  Probe (Chrono Boost)  
  20  1:27  Cybernetics Core  
  20  1:30  Pylon  
  20  1:33  Probe (Chrono Boost)  
  21  1:44  Gateway  
  21  2:00  Probe (Chrono Boost)  
  22  2:03  Assimilator  
  22  2:08  Warp Gate  
  22  2:11  Mothership Core (Chrono Boost)  
  21  2:36  Probe (Chrono Boost)  
  21  2:37  Stalker  
  23  2:44  Stalker  
  23  2:47  Probe (Chrono Boost)  
  26  2:57  Probe (Chrono Boost)  
  26  3:07  Pylon  
  26  3:08  Probe (Chrono Boost)  
  27  3:14  Stalker  
  27  3:18  Probe (Chrono Boost)  
  30  3:26  Forge  
  30  3:29  Probe (Chrono Boost)  
  31  3:39  Probe (Chrono Boost)  
  31  3:42  Stalker  
  31  3:45  Sentry  
  35  3:50  Probe (Chrono Boost)  
  36  4:01  Probe (Chrono Boost)  
  37  4:11  Probe (Chrono Boost)  
  38  4:22  Probe (Chrono Boost)  
  39  4:34  Probe (Chrono Boost)  
  36  4:48  Sentry  
  36  4:50  Nexus  
  38  4:54  Pylon  
  38  5:03  Probe (Chrono Boost)  
  38  5:04  Protoss Ground Weapons Level 1 (Chrono Boost)  
  39  5:13  Stalker x2  
  37  5:33  Probe (Chrono Boost)  
  36  5:37  Zealot x2  
  36  5:38  Photon Cannon  
  40  5:44  Probe (Chrono Boost)  
  40  5:45  Photon Cannon  
  41  5:55  Probe (Chrono Boost)  
  43  6:04  Probe (Chrono Boost)  
  43  6:05  Probe (Chrono Boost)  
  44  6:13  Probe (Chrono Boost)  
  44  6:15  Probe (Chrono Boost)  
  46  6:23  Probe, Gateway  
  47  6:26  Twilight Council  
  47  6:28  Probe  
  48  6:33  Pylon  
  48  6:34  Probe  
  48  6:36  Assimilator  
  48  6:37  Sentry  
  48  6:38  Pylon  
  51  6:40  Probe  
  51  6:44  Mothership Core  
  54  6:52  Probe  
  55  7:03  Probe  
  55  7:04  Probe  
  57  7:14  Probe  
  58  7:19  Stalker x2  
  58  7:47  Zealot x3  
Tags
 
Add a new tag
Caveats
  • Supply blocks, unpowered buildings, or Contaminate may cause inaccurate times.
  • Supply counts are checked every 10 seconds.